 Dungeon Crawl Stone Soup version 0.23-a0-32-g1388f29 (webtiles) character file.

1 glosham the Skirmisher (level 1, 0/18 HPs)
             Began as a Formicid Berserker on Aug 4, 2018.
             Was a Follower of Trog.
             Succumbed to a worker ant's poison
             ... on level 15 of the Dungeon.
             The game lasted 00:02:27 (73 turns).

glosham the Skirmisher (Formicid Berserker)           Turns: 73, Time: 00:02:28

Health: 0/18       AC:  6    Str: 21    XL:     1   Next: 22%
Magic:  1/1        EV: 10    Int:  6    God:    Trog [*.....]
Gold:   0          SH:  0    Dex: 10    Spells: 0/0 levels left

rFire    . . .     SeeInvis +   a - +0 hand axe
rCold    . . .     Gourm    .   (no shield)
rNeg     . . .     Faith    .   d - +0 scale mail
rPois    .         Spirit   .   (helmet unavailable)
rElec    .         Reflect  .   (no cloak)
rCorr    .         Harm     .   (no gloves)
MR       .....                  (no boots)
Stlth    ..........             (no amulet)
HPRegen  0.06/turn              (no ring)
MPRegen  0.07/turn              (no ring)

@: lethally poisoned (0 -> -5)
A: permanent stasis, dig shafts and tunnels, four strong arms, antennae 3
a: Dig, Shaft Self, Renounce Religion


You were on level 15 of the Dungeon.
You worshipped Trog.
Trog was aware of your devotion.
You were not hungry.

You visited 1 branch of the dungeon, and saw 8 of its levels.

Inventory:

Hand Weapons
 a - a +0 hand axe (weapon)
Armour
 b - a +0 animal skin
 d - a +0 scale mail (worn)
Comestibles
 c - a ration


   Skills:
 * Level 3.4 Fighting
 - Level 3.0 Axes
 - Level 2.1 Armour
 - Level 1.7 Dodging


You couldn't memorise any spells.
You didn't know any spells.
Your spell library was empty.

Dungeon Overview and Level Annotations

Branches:
Dungeon (13/15)
 Temple: D:4-7         Lair: D:8-11         Orc: D:9-12      Vaults: D:13-14

Altars:
Fedhas


Innate Abilities, Weirdness & Mutations

You cannot be hasted, slowed, berserked, paralysed or teleported.
You can dig through walls and to a lower floor.
Your four strong arms can wield two-handed weapons with a shield.
You have a pair of large antennae on your head. (SInv)


Message History

A shaft appears beneath you!
You fall through a shaft for 2 floors!
The shaft crumbles and collapses.
A troll comes into view.
* * * LOW HITPOINT WARNING * * *
You feel sick.
The troll shouts!
Found a fizzy amethyst potion.
Found a stone staircase leading up.
Are you sure you want to shaft yourself?
You feel quite a bit more hungry.
* * * LOW HITPOINT WARNING * * *
You feel sick. A shaft appears beneath you!
You fall through a shaft for 2 floors!
The shaft crumbles and collapses.
You hear a distant snort.
Hark!
There is an entrance to a minotaur's labyrinth on this level.
Find the entrance quickly before the gate is sealed! 3 yaks, 3 slime creatures and a skeleton come into view.
The slime creature quivers.
The yak bellows! x3
Found a stone staircase leading down.
Are you sure you want to shaft yourself?
You feel somewhat more hungry.
* * * LOW HITPOINT WARNING * * *
You feel sick. The yak closely misses you. The yak barely misses you.
A shaft appears beneath you!
You fall through a shaft for 2 floors!
The shaft crumbles and collapses.
Beware, you cannot shaft yourself on this level.
A water moccasin and a necromancer come into view.
* * * LOW HITPOINT WARNING * * *
You feel sick.
The necromancer shouts!
The water moccasin hisses angrily.
Found a scroll labeled SAMEDARONU.
Found a blossoming altar of Fedhas.
You can't shaft yourself on this level.
Unknown command.
* * * LOW HITPOINT WARNING * * *
You feel sick.
You die...

..#####
#.....##
#.P.P..#
#.._...#
#####.P.P..#
#.......p.....
#.S...........
#.########.P..
#@# .P.. #.#
... #.# .. #.#
#.# #..{ #.#
#.#


You could see a water moccasin.

Vanquished Creatures
  A kobold (D:2)
  A rat (D:2)
2 creatures vanquished.

Notes
Turn   | Place    | Note
-------+----------+-------------------------------------------
     0 | D:1      | glosham the Formicid Berserker began the quest for the Orb.
     0 | D:1      | Reached XP level 1. HP: 18/18 MP: 1/1
     3 | D:1      | You fall through a shaft!
    37 | D:3      | You fall through a shaft for 3 floors!
    47 | D:6      | You fall through a shaft for 3 floors!
    47 | D:9      | Noticed a crimson imp
    49 | D:9      | Noticed a worker ant
    61 | D:9      | You fall through a shaft for 2 floors!
    61 | D:11     | Noticed a troll
    64 | D:11     | You fall through a shaft for 2 floors!
    64 | D:13     | Noticed a slime creature
    64 | D:13     | Noticed a slime creature
    64 | D:13     | Noticed a slime creature
    64 | D:13     | Noticed a yak
    64 | D:13     | Noticed a yak
    64 | D:13     | Noticed a yak
    64 | D:13     | Noticed a centaur warrior skeleton
    65 | D:13     | Noticed a two-headed ogre
    67 | D:13     | You fall through a shaft for 2 floors!
    67 | D:15     | Entered Level 15 of the Dungeon
    67 | D:15     | Found a blossoming altar of Fedhas.
    67 | D:15     | Noticed a necromancer
    67 | D:15     | Noticed a water moccasin
    70 | D:15     | HP: 1/18 [poisoned by a worker ant]
    73 | D:15     | Succumbed to a worker ant's poison

Vault maps used:
D:1:      lemuel_arrival_behind_the_door_large, minmay_misc_feat_room,
          minmay_splitting_lines, minivault_4
D:2:      grunt_temple_overflow_forces_of_nature,
          gammafunk_temple_overflow_claw, chequers_ecumenical_altar_island
D:3:      kennysheep_vampire_church, first_ration
D:6:      kennysheep_ying_yang, serial_shops, shop, nicolae_ru_awakened_eye,
          uniq_grinder
D:9:      eat_drink_and_be_merry_uskayaw, lair_entry_dummy, orc_0_dummy
D:11:     basic_altar, uniq_grum
D:13:     lab_entry_generic, basic_altar, hangedman_little_slice_of_home
D:15:     gammafunk_depths_entry_grave, fedhas_altar_1, uniq_rupert,
          uniq_josephine

Action                   || total
-------------------------++-------
Melee: Hand axe          ||     7
 Abil: Shaft Self        ||     6
  Use: Potion            ||     1
 Stab: Sleeping          ||     1
Armor: Scale mail        ||     1
Dodge: Dodged            ||     7

Table legend:
 A = Spawn XP
 B = Non-spawn XP
 C = Spawn XP percentage of total XP
 D = Spawn monster count
 E = Non-spawn monster count
 F = Spawn count percentage of total count
 G = Total turns spent on level
                    A         B        C        D         E        F      G
               +---------+---------+-------+---------+---------+-------+---------
         Total |       0 |       2 |   0.0 |       0 |       2 |   0.0 |    73
               +---------+---------+-------+---------+---------+-------+---------
           D:2 |       0 |       2 |   0.0 |       0 |       2 |   0.0 |    30
               +---------+---------+-------+---------+---------+-------+---------

Table legend:
 A = Turns spent in this place as a percentage of turns spent in the entire game.
 B = Non-inter-level travel turns spent in this place as a percentage of non-inter-level travel turns spent in the entire game.
 C = Inter-level travel turns spent in this place as a percentage of turns spent in this place.
 D = Turns resting spent in this place as a percentage of non-inter-level travel turns spent in this place.
 E = Turns spent auto-exploring this place as a percentage of non-inter-level travel turns spent in this place.
 F = Non-inter-level travel turns spent in this place divided by the number of levels of this place that you've seen.
                   A       B       C       D       E      F
               +-------+-------+-------+-------+-------+----------------------
         Total | 100.0 | 100.0 |   0.0 |   0.0 |   0.0 |   9.1
       Dungeon | 100.0 | 100.0 |   0.0 |   0.0 |   0.0 |   9.1
               +-------+-------+-------+-------+-------+----------------------

Table legend:
 A = Kills in this place as a percentage of kills in entire the game.
 B = Kills by you in this place as a percentage of kills by you in the entire game.
 C = Kills by friends in this place as a percentage of kills by friends in the entire game.
 D = Other kills in this place as a percentage of other kills in the entire game.
 E = Experience gained in this place as a percentage of experience gained in the entire game.
 F = Experience gained in this place divided by the number of levels of this place that you have seen.
                   A       B       C       D       E      F
               +-------+-------+-------+-------+-------+----------------------
         Total | 100.0 | 100.0 |   N/A |   N/A | 100.0 |   0.2
       Dungeon | 100.0 | 100.0 |   N/A |   N/A | 100.0 |   0.2
               +-------+-------+-------+-------+-------+----------------------

Vault maps used:
D:1:      lemuel_arrival_behind_the_door_large, minmay_misc_feat_room,
          minmay_splitting_lines, minivault_4
D:2:      grunt_temple_overflow_forces_of_nature,
          gammafunk_temple_overflow_claw, chequers_ecumenical_altar_island
D:3:      kennysheep_vampire_church, first_ration
D:6:      kennysheep_ying_yang, serial_shops, shop, nicolae_ru_awakened_eye,
          uniq_grinder
D:9:      eat_drink_and_be_merry_uskayaw, lair_entry_dummy, orc_0_dummy
D:11:     basic_altar, uniq_grum
D:13:     lab_entry_generic, basic_altar, hangedman_little_slice_of_home
D:15:     gammafunk_depths_entry_grave, fedhas_altar_1, uniq_rupert,
          uniq_josephine
